[Event "Early-Titled-Tuesday-Blitz-June-18-2024"]
[Site "Chess.com"]
[Date "2024.06.18"]
[Round "6"]
[White "Yaacovn"]
[Black "Shuvalov"]
[Result "1/2-1/2"]
[WhiteElo "2837"]
[BlackElo "2612"]
[TimeControl "180+1"]
[EndTime "9:08:33 PDT"]
[Termination "Game drawn by repetition"]

1. d4 Nf6 2. e3 g6 3. Nf3 Bg7 4.
Be2 O-O 5. O-O d5 6. b3 c5 7. Bb2 Ne4 8. Qc1 cxd4 9. Bxd4 Nc6 10. Bxg7 Kxg7 11. Qb2+ Kg8 12. Rd1 e6 13. c4 Qf6 14. Qxf6 Nxf6 15. Nc3 dxc4 16. Bxc4 Bd7 17. Ng5 Ne5 18. Be2 Bc6 19. f4 Neg4 20. Bxg4 Nxg4 21.
Rd3 Rfd8 22. Rad1 Rxd3 23. Rxd3 h6 24. Nge4 Kg7 25. h3 Nf6 26. Nxf6 Kxf6 27. Kf2 Ke7 28. g4 Rd8 29. Rxd8 Kxd8 30. e4 g5 31. Ke3 f6 32.
e5 Ke7 33. exf6+ Kxf6 34. Nd1 Bg2 35. Nf2 b6 36. b4 Bd5 37. a3 Bg2 38. Ne4+ Kg6 39.
Nf2 Kf6 40. Ne4+ Kg6 41. Nf2 Kf6 1/2-1/2

[Event "Early-Titled-Tuesday-Blitz-June-18-2024"]
[Site "Chess.com"]
[Date "2024.06.18"]
[Round "6"]
[White "LLariMarc"]
[Black "FishThatRoared"]
[Result "1-0"]
[WhiteElo "2486"]
[BlackElo "2259"]
[TimeControl "180+1"]
[EndTime "9:08:34 PDT"]
[Termination "LLariMarc won on time"]

1. d3 d5 2. Nd2 e5 3. e3 Nc6 4.
Ne2 f5 5. g3 Nf6 6. Bg2 Bd6 7. b3 Qe7 8. Bb2 f4 9. e4 dxe4 10.
Nxe4 Bg4 11. Nxf6+ gxf6 12. f3 Bd7 13. Nc3 O-O-O 14.
Qe2 Nd4 15. Qd2 Rhg8 16. g4 f5 17. h3 Qh4+ 18. Kd1 Bc6 19. Rf1 fxg4 20. hxg4 h5 21. Ne4 hxg4 22. fxg4 Rxg4 23. Bxd4 exd4 24. Bf3 Rg6 25. a4 Bd5 26. Kc1 Qe7 27. Kb2 Bb4 28.
Qh2 Rc6 29. Ra2 Kb8 30. Qe2 Bxe4 31. Qxe4 Qc5 32. Kb1 Rb6 33. Qxf4 Bc3 34. Qc1 a5 35. Be4 Rg8 36. Qa3 Bb4 37. Qc1 Qc3 38. Qb2 Qc5 39.
Rd1 Ka7 40. Qc1 Qc3 41. Qf4 Rd6 42. Qc1 Rb6 43. Qb2 Qc5 44. Rf1 Re8 45. Rf5 Qd6 46.
Qc1 Qh2 47. Rd5 Rxe4 48. dxe4 Rg6 49. Rxd4 1-0

[Event "Early-Titled-Tuesday-Blitz-June-18-2024"]
[Site "Chess.com"]
[Date "2024.06.18"]
[Round "6"]
[White "Tol_Tol"]
[Black "myburger"]
[Result "0-1"]
[WhiteElo "2358"]
[BlackElo "2536"]
[TimeControl "180+1"]
[EndTime "9:08:35 PDT"]
[Termination "myburger won by resignation"]

1. d4 f5 2. Nf3 e6 3. g3 Nf6 4.
Bg2 d5 5. O-O Bd6 6. Bf4 Bxf4 7.
gxf4 O-O 8. c4 c6 9. Nbd2 Ne4 10. Ne5 Nd7 11. Nd3 Nxd2 12. Qxd2 dxc4 13. Ne1 Nb6 14. Nf3 Bd7 15. Qc2 Rc8 16. Rfd1 Qe7 17. Ne5 c5 18. d5 exd5 19. Bxd5+ Nxd5 20. Rxd5 Be6 21. Rd2 Qh4 22. e3 Rf6 23. Rad1 Rh6 24. f3 b5 25. Rd6 Rf8 26. Qg2 Bc8 27. Rxh6 Qxh6 28. Qd2 Qb6 29. Kh1 a5 30. Rg1 Rd8 31. Qg2 Qf6 32. Nc6 Rd3 33. Ne7+ Qxe7 0-1

[Event "Early-Titled-Tuesday-Blitz-June-18-2024"]
[Site "Chess.com"]
[Date "2024.06.18"]
[Round "6"]
[White "ab-lsv"]
[Black "eltenedor"]
[Result "1-0"]
[WhiteElo "2356"]
[BlackElo "2126"]
[TimeControl "180+1"]
[EndTime "9:08:36 PDT"]
[Termination "ab-lsv won by resignation"]

1. d4 b6 2. e4 Bb7 3. Bd3 e6 4.
Nf3 d6 5. O-O Nd7 6. c4 Ne7 7.
Nc3 g6 8. b4 Bg7 9. Bb2 c5 10.
Nb5 Nf6 11. e5 Bxf3 12. Qxf3 Nf5 13. Bxf5 gxf5 14. Nxd6+ Kf8 15. exf6 Bxf6 16. Rad1 cxb4 17. Qb7 Be7 18. d5 Rg8 19. dxe6 Rb8 20. Qc6 fxe6 21. Nxf5 Qc8 22. Nxe7 Kxe7 23. Qd6+ Kf7 24. Qf4+ Ke8 25. Rfe1 Rb7 26. Qf6 Rg6 27. Qh8+ 1-0

[Event "Early-Titled-Tuesday-Blitz-June-18-2024"]
[Site "Chess.com"]
[Date "2024.06.18"]
[Round "6"]
[White "crazy_but_lazy"]
[Black "aot317"]
[Result "1-0"]
[WhiteElo "2671"]
[BlackElo "2529"]
[TimeControl "180+1"]
[EndTime "9:08:41 PDT"]
[Termination "crazy_but_lazy won on time"]

1. Nf3 c5 2. e3 Nf6 3. c4 g6 4. Nc3 Bg7 5. b3 d5 6. cxd5 Nxd5 7. Bb2 O-O 8. a3 Nc6 9. Qc2 Nxc3 10. Bxc3 Bf5 11.
Qb2 Bxc3 12. Qxc3 Qd6 13. h4 Rad8 14. h5 e5 15. hxg6 hxg6 16. Bc4 a6 17. Ng5 b5 18.
e4 bxc4 19. exf5 gxf5 20. Rd1 Qd3 21. bxc4 Qxc3 22. dxc3 Rxd1+ 23. Kxd1 Na5 24. Rh4 Rd8+ 25. Kc2 f6 26. Nf3 Kg7 27. g4 f4 28. Nd2 Kg6 29.
Rh1 Kg5 30. f3 Kg6 31. Rb1 1-0

[Event "Early-Titled-Tuesday-Blitz-June-18-2024"]
[Site "Chess.com"]
[Date "2024.06.18"]
[Round "6"]
[White "Lady_Nika"]
[Black "glucolisis04"]
[Result "1-0"]
[WhiteElo "2522"]
[BlackElo "2283"]
[TimeControl "180+1"]
[EndTime "9:08:41 PDT"]
[Termination "Lady_Nika won by resignation"]

1. c4 Nf6 2. Nc3 e6 3. a3 d5 4. cxd5 exd5 5. e3 c6 6. Nf3 Bf5 7. d4 Nbd7 8. Bd3 Bxd3 9. Qxd3 Bd6 10. b4 a6 11. O-O O-O 12. h3 Re8 13. Re1 Ne4 14. Nd2 Ndf6 15. Bb2 Bc7 16. f4 Qe7 17. Nf3 Nxc3 18. Bxc3 Ne4 19. a4 f6 20. Re2 Nxc3 21. Qxc3 Bxf4 22. Rae1 Bg3 23. Rb1 Qe4 24. Nd2 Qg6 25.
Qb3 Bf4 26. Nf1 Re4 27. Reb2 Bd6 28. b5 axb5 29. axb5 Ra3 30. Qc2 Raxe3 31. Nxe3 Rxe3 32. Qxg6 hxg6 33. bxc6 bxc6 34. Rc2 Rd3 35. Rxc6 Bf4 36. Kf2 Rxd4 37. Rb7 Be5 38. Rc8+ Kh7 39. Rd8 Rd2+ 40. Kf3 g5 41. Rbd7 d4 42. Re8 Rd3+ 43. Ke4 Re3+ 44. Kf5 Re2 45. Ree7 Rf2+ 46. Ke6 Kg6 1-0

[Event "Early-Titled-Tuesday-Blitz-June-18-2024"]
[Site "Chess.com"]
[Date "2024.06.18"]
[Round "6"]
[White "tarno17"]
[Black "rionelG"]
[Result "0-1"]
[WhiteElo "2177"]
[BlackElo "2350"]
[TimeControl "180+1"]
[EndTime "9:08:45 PDT"]
[Termination "rionelG won on time"]

1. e4 c5 2. Nf3 d6 3. Bb5+ Nd7 4. O-O a6 5. Bxd7+ Bxd7 6. d3 Nf6 7. Nc3 g6 8. Ne2 Bg7 9. Ng3 b5 10. Bg5 h6 11.
Be3 O-O 12. Qd2 Ng4 13. c3 Nxe3 14. fxe3 b4 15. d4 bxc3 16. bxc3 Qa5 17. h4 h5 18. e5 Bg4 19. exd6 exd6 20. Ng5 Rac8 21. N3e4 cxd4 22. exd4 d5 23. Nd6 Qxc3 24. Qxc3 Rxc3 25. Ndxf7 Bxd4+ 26. Kh1 Rc2 27. Nh6+ Kg7 28. Nxg4 Rxf1+ 29. Rxf1 hxg4 30. Ne6+ Kh6 31. Nxd4 Rxa2 32. Kh2 Rd2 33. Ne6 Re2 34. Nf4 Re5 35. Rd1 a5 36. Rxd5 Re4 37. Kg3 a4 38. Ra5 Re3+ 39. Kxg4 a3 40. Ra6 Kh7 0-1

[Event "Early-Titled-Tuesday-Blitz-June-18-2024"]
[Site "Chess.com"]
[Date "2024.06.18"]
[Round "6"]
[White "Sanan_Sjugirov"]
[Black "js20000"]
[Result "0-1"]
[WhiteElo "2939"]
[BlackElo "2802"]
[TimeControl "180+1"]
[EndTime "9:08:47 PDT"]
[Termination "js20000 won on time"]

1. d4 d6 2. e4 Nf6 3. Nc3 e6 4. Nf3 Be7 5. Be2 a6 6. a4 b6 7. O-O Bb7 8. d5 e5 9. Nd2 c6 10. dxc6 Nxc6 11. Nc4 Nd4 12. Bd3 b5 13. Ne3 O-O 14.
Ncd5 Ne6 15. axb5 axb5 16. Rxa8 Bxa8 17. Bxb5 Nxe4 18. c3 Nf6 19. Bc4 Nxd5 20. Bxd5 Bg5 21. Bxa8 Qxa8 22. Qd5 Bxe3 23. Qxa8 Bxf2+ 24. Kxf2 Rxa8 25. Rd1 Nc5 26. Be3 f6 27. Kf3 Nb7 28. Ke4 Kf7 29. Kd5 Ke7 30. b4 Kd7 31. Bb6 Ra6 32. Ba5 Rc6 33. c4 Nxa5 34. bxa5 Rc5+ 0-1

[Event "Early-Titled-Tuesday-Blitz-June-18-2024"]
[Site "Chess.com"]
[Date "2024.06.18"]
[Round "6"]
[White "sokidze"]
[Black "Artyom_ChessMate"]
[Result "1-0"]
[WhiteElo "2777"]
[BlackElo "2547"]
[TimeControl "180+1"]
[EndTime "9:08:48 PDT"]
[Termination "sokidze won by resignation"]

1. d4 d5 2. Nf3 Nf6 3. Bf4 c5 4. e3 Nc6 5. Nbd2 Nh5 6. dxc5 Nxf4 7. exf4 Qa5 8. a3 Qxc5 9. c4 g6 10. b4 Qd6 11. cxd5 Qxd5 12. Bc4 Qh5 13. Qb3 e6 14. Ne4 Be7 15. O-O O-O 16. Rad1 Qg4 17. Qe3 Qf5 18.
Nd6 Bxd6 19. Rxd6 Ne7 20. Rfd1 b6 21. Ne5 Nd5 22. Bxd5 exd5 23. R6xd5 Be6 24. Nxg6 hxg6 25. Rxf5 Bxf5 26. h3 Rfe8 27. Qd4 Re4 28. Qd6 Rae8 29. Rd2 Re1+ 30. Kh2 R8e6 31. Qd8+ Re8 32. Qf6 R1e6 33.
Qh4 Re1 34. Rd8 Kg7 35. Rxe8 Rxe8 36. Qg3 Re2 37. Qc3+ Kg8 38. Kg3 Re4 39. h4 Kh7 40.
Qf6 Kg8 41. h5 Re6 42. Qd8+ Kg7 43. h6+ 1-0

[Event "Early-Titled-Tuesday-Blitz-June-18-2024"]
[Site "Chess.com"]
[Date "2024.06.18"]
[Round "6"]
[White "Longstom"]
[Black "KinKaiser"]
[Result "0-1"]
[WhiteElo "2251"]
[BlackElo "2466"]
[TimeControl "180+1"]
[EndTime "9:08:48 PDT"]
[Termination "KinKaiser won on time"]

1. e4 c5 2. Nf3 e6 3. c3 Nc6 4. d4 cxd4 5. cxd4 d5 6. e5 Nge7 7. Nc3 Nf5 8. Bb5 Qb6 9. Bxc6+ bxc6 10. O-O Ba6 11. Re1 Be7 12. g4 Nh4 13. Nxh4 Bxh4 14.
g5 h6 15. Qg4 hxg5 16. Bxg5 Bxg5 17. Qxg5 Qxd4 18. Re3 Qh4 19. Qg2 Rh6 20. Rg3 O-O-O 21.
b4 Rdh8 22. h3 Qxb4 23. Rb1 Qc5 24. Na4 Qd4 25. Rxg7 Qxe5 26. Nc5 Bb5 27. Rg8+ Kc7 28. Rxh8 Qxh8 29. Kh2 Qe5+ 30. Qg3 Qxg3+ 31. fxg3 Rf6 32. a4 Bc4 33. Rb7+ Kd6 34. Nd7 Rf2+ 35. Kg1 Ra2 36.
Rxa7 d4 37. Nf6 Bd5 38. Nxd5 cxd5 39. Kf1 d3 40. h4 f5 41. h5 Rh2 42. Ke1 Ke5 43. Rh7 Kd4 0-1

[Event "Early-Titled-Tuesday-Blitz-June-18-2024"]
[Site "Chess.com"]
[Date "2024.06.18"]
[Round "6"]
[White "Qvalda"]
[Black "Chessbard1972"]
[Result "0-1"]
[WhiteElo "2443"]
[BlackElo "2250"]
[TimeControl "180+1"]
[EndTime "9:08:48 PDT"]
[Termination "Chessbard1972 won on time"]

1. d4 Nf6 2. c4 g6 3. Nf3 Bg7 4. e3 O-O 5. Be2 d6 6. O-O Nfd7 7. Nc3 c5 8. d5 Nf6 9. e4 e6 10. Bg5 h6 11. Bh4 g5 12. Bg3 exd5 13. exd5 Nh5 14. Nd2 Nxg3 15. fxg3 f5 16. Bh5 Qf6 17. Nb5 Na6 18.
g4 Qxb2 19. Rb1 Qxa2 20. Nxd6 b6 21. Nxf5 Bxf5 22. gxf5 Nb4 23. Kh1 Qc2 24. Qe2 Kh8 25. Rbc1 Qd3 26. Qxd3 Nxd3 27. Rcd1 Bd4 28. Ne4 Nf4 29.
Bg4 Rae8 30. g3 Rxe4 31. gxf4 gxf4 32. Kg2 Be5 33. Kf3 Re3+ 34. Kf2 Rg8 35. h3 Bf6 36. Kg2 h5 37. Kf2 hxg4 38. hxg4 Rxg4 39. Rh1+ Kg7 40. d6 Bh4+ 41. Rxh4 Rxh4 42. d7 Rh2+ 43. Kf1 Rh1+ 0-1

[Event "Early-Titled-Tuesday-Blitz-June-18-2024"]
[Site "Chess.com"]
[Date "2024.06.18"]
[Round "6"]
[White "NovozhilovSemen"]
[Black "pouya21"]
[Result "0-1"]
[WhiteElo "2640"]
[BlackElo "2866"]
[TimeControl "180+1"]
[EndTime "9:08:49 PDT"]
[Termination "pouya21 won by resignation"]

1. d4 d5 2. c4 c6 3. Nf3 Nf6 4.
e3 Bf5 5. Nc3 e6 6. Nh4 Be4 7.
f3 Bg6 8. Bd2 Be7 9. Nxg6 hxg6 10. Qc2 dxc4 11. Bxc4 b5 12. Bb3 a6 13. O-O Qc7 14.
f4 c5 15. Ne4 c4 16. Nxf6+ gxf6 17. a4 Qb7 18. Ba2 Nd7 19. b3 cxb3 20. Qxb3 b4 21.
a5 f5 22. Qd3 Nf6 23. Rab1 O-O 24. Rb2 Rab8 25. Rfb1 Rfc8 26. h3 Qb5 27. Qxb5 Rxb5 28.
Bxb4 Bxb4 29. Rxb4 Rxa5 30. Bc4 Kg7 31. R1b3 Ra1+ 32.
Kh2 a5 33. Bxe6 fxe6 34. Rb7+ Kh6 35. Rf7 Ne4 36. Rbb7 Rh8 37. g4 Ra2+ 38. Kg1 a4 39. Rbe7 a3 40. Rxe6 Rb8 0-1

[Event "Early-Titled-Tuesday-Blitz-June-18-2024"]
[Site "Chess.com"]
[Date "2024.06.18"]
[Round "6"]
[White "azikom"]
[Black "DvaHrasta"]
[Result "1-0"]
[WhiteElo "2698"]
[BlackElo "2512"]
[TimeControl "180+1"]
[EndTime "9:08:49 PDT"]
[Termination "azikom won on time"]

1. e4 c6 2. Nc3 d5 3. Nf3 Nf6 4.
e5 Ne4 5. d4 Bg4 6. Bd3 Nxc3 7.
bxc3 e6 8. h3 Bxf3 9. Qxf3 b5 10. h4 a5 11. h5 h6 12. Rh3 a4 13. Qg4 Kd7 14. f4 Kc7 15. Rb1 Nd7 16. f5 Qe7 17. Rf3 Nb6 18. fxe6 Qxe6 19. Bf5 Qe7 20. Kf1 Nc4 21.
Kg1 Kb6 22. Bf4 Qa3 23. e6 fxe6 24. Bxe6 Bd6 25. Bxd6 Qxd6 26. Rf7 Ne3 27. Qh3 Rhe8 28. Bd7 Re7 29. Rxe7 Qxe7 30. Re1 Rd8 31. Bxc6 Kxc6 32. Rxe3 Qg5 33. Rg3 Qc1+ 34. Kh2 Qf4 35. Qe6+ Rd6 36.
Qe8+ Kb6 37. Qe7 Rc6 38. Qxg7 Rxc3 39. Qg4 1-0

[Event "Early-Titled-Tuesday-Blitz-June-18-2024"]
[Site "Chess.com"]
[Date "2024.06.18"]
[Round "6"]
[White "LoonsDeKoeben"]
[Black "HATilay"]
[Result "0-1"]
[WhiteElo "2393"]
[BlackElo "2637"]
[TimeControl "180+1"]
[EndTime "9:08:51 PDT"]
[Termination "HATilay won by resignation"]

1. Nf3 Nf6 2. c4 e6 3. b3 d5 4. Bb2 c5 5. e3 Nc6 6. g3 Be7 7. Bg2 dxc4 8. bxc4 O-O 9. O-O Qc7 10.
Nc3 b6 11. Nb5 Qb8 12. Ne5 Nxe5 13. Bxe5 Qxe5 14. Bxa8 Qg5 15. Bg2 e5 16. Nxa7 Bg4 17. f3 Be6 18. Nc6 Bd6 19. f4 exf4 20. exf4 Qh6 21.
Qc2 Bh3 22. d3 Ng4 23. Bxh3 Qxh3 24. Qe2 Rc8 25. Rfe1 Rxc6 26. Qe8+ Bf8 27. Re2 Re6 28. Qxe6 fxe6 29. a4 g6 30. a5 bxa5 31. Rxa5 h5 32.
Rg2 Bg7 33. Raa2 Bd4+ 34. Kh1 Ne3 35. Rg1 Qg4 36. Raa1 Qf3+ 0-1

[Event "Early-Titled-Tuesday-Blitz-June-18-2024"]
[Site "Chess.com"]
[Date "2024.06.18"]
[Round "6"]
[White "falzehope0"]
[Black "elizabethcastaneda"]
[Result "1/2-1/2"]
[WhiteElo "2437"]
[BlackElo "2177"]
[TimeControl "180+1"]
[EndTime "9:08:54 PDT"]
[Termination "Game drawn by repetition"]

1. d4 Nf6 2. e3 g6 3. Bd3 Bg7 4. f4 O-O 5. Nf3 d6 6. O-O c5 7. c3 Nc6 8. Bc2 Bg4 9. d5 Na5 10. h3 Bxf3 11. Qxf3 e6 12. e4 exd5 13. exd5 b5 14.
f5 Nd7 15. Bf4 Nc4 16. Na3 Nxa3 17. bxa3 Ne5 18. Qg3 Bf6 19. fxg6 fxg6 20. Bh6 Bg7 21. Rxf8+ Qxf8 22. Rf1 Qe7 23. Bg5 Qd7 24. Bf6 Rf8 25. Bxg7 Rxf1+ 26. Kxf1 Kxg7 27. Kg1 Qf7 28. Be4 Nc4 29.
h4 Qe7 30. Qg4 Ne3 31. Qf4 Nc4 32. h5 Qf6 33. h6+ Kf7 34. Qg4 Ne5 35. Qc8 Qg5 36. Qc7+ Ke8 37. Qb8+ Ke7 38. Qc7+ Nd7 39. Bf3 Qc1+ 40. Kf2 Qd2+ 41. Kf1 Qc1+ 42. Kf2 Qd2+ 43.
Kf1 Qc1+ 44. Kf2 1/2-1/2

[Event "Early-Titled-Tuesday-Blitz-June-18-2024"]
[Site "Chess.com"]
[Date "2024.06.18"]
[Round "6"]
[White "Dreamer_01"]
[Black "Chernov_Alexander_A"]
[Result "0-1"]
[WhiteElo "2366"]
[BlackElo "2296"]
[TimeControl "180+1"]
[EndTime "9:08:54 PDT"]
[Termination "Chernov_Alexander_A won on time"]

1. e4 e5 2. Nf3 Nc6 3. Bb5 Bc5 4.
O-O Nd4 5. Nxd4 Bxd4 6. c3 Bb6 7. d4 c6 8. Ba4 d6 9. Kh1 Nf6 10. Bg5 h6 11. Bh4 g5 12. Bg3 Qe7 13. dxe5 dxe5 14. Nd2 h5 15. Nc4 Bc7 16. h4 Ng4 17. Bc2 gxh4 18.
Bh2 Be6 19. b3 Rd8 20. Qe2 Nxh2 21. Kxh2 Qg5 22. Rad1 Rg8 23. Rg1 Qf4+ 24. Kh1 Ke7 25. Ne3 Bg4 26. Nxg4 Qxg4 27. Qc4 h3 28. Qb4+ Kf6 29.
Rxd8 hxg2+ 0-1

[Event "Early-Titled-Tuesday-Blitz-June-18-2024"]
[Site "Chess.com"]
[Date "2024.06.18"]
[Round "6"]
[White "Zavgorodniy_Sergiy"]
[Black "Witik"]
[Result "1-0"]
[WhiteElo "2610"]
[BlackElo "2799"]
[TimeControl "180+1"]
[EndTime "9:08:55 PDT"]
[Termination "Zavgorodniy_Sergiy won on time"]

1. e4 c6 2. d4 d5 3. exd5 cxd5 4.
c4 Nf6 5. Nc3 e6 6. Nf3 Be7 7.
cxd5 Nxd5 8. Bd3 Nc6 9. O-O O-O 10. Re1 Bf6 11. Be4 Nce7 12. Qd3 Ng6 13. Bxg6 hxg6 14. Ne4 Be7 15. Nfg5 f6 16. Nf3 b6 17. Ng3 Kf7 18.
Nh4 g5 19. Qg6+ Kg8 20. Nh5 Rf7 21. Nf3 Bb4 22. Bd2 Bf8 23. h4 gxh4 24. Nxh4 Ne7 25. Qg3 Nf5 26. Nxf5 exf5 27. Nf4 Qd6 28. Re8 g5 29. Ng6 1-0

[Event "Early-Titled-Tuesday-Blitz-June-18-2024"]
[Site "Chess.com"]
[Date "2024.06.18"]
[Round "6"]
[White "HanSchut"]
[Black "sirinbaba33"]
[Result "0-1"]
[WhiteElo "2240"]
[BlackElo "2231"]
[TimeControl "180+1"]
[EndTime "9:08:55 PDT"]
[Termination "sirinbaba33 won by checkmate"]

1. e4 c5 2. Nf3 e6 3. c4 Nc6 4. Nc3 Nd4 5. Be2 Ne7 6. O-O Nec6 7. d3 d6 8. Be3 Be7 9. Rb1 O-O 10. a3 f5 11.
exf5 Nxf5 12. b4 Nxe3 13. fxe3 b6 14. d4 cxb4 15. axb4 a5 16. bxa5 bxa5 17. d5 Nb4 18. Nd4 Rxf1+ 19. Qxf1 e5 20. Nc6 Qe8 21. Bf3 Bd7 22.
Nxb4 axb4 23. Rxb4 Bg5 24. Qe2 Ra1+ 25. Kf2 Qa8 26.
Ne4 Qa3 27. Rb2 Be7 28. Rb8+ Kf7 29. Kg3 g6 30. Rb2 Kg7 31. h4 h5 32. Rc2 Rh1 33.
c5 Bxh4# 0-1

[Event "Early-Titled-Tuesday-Blitz-June-18-2024"]
[Site "Chess.com"]
[Date "2024.06.18"]
[Round "6"]
[White "CrimeFightingSpider07"]
[Black "Individoom"]
[Result "0-1"]
[WhiteElo "2548"]
[BlackElo "2794"]
[TimeControl "180+1"]
[EndTime "9:08:56 PDT"]
[Termination "Individoom won by checkmate"]

1. d4 Nf6 2. Nf3 g6 3. c4 Bg7 4. g3 O-O 5. Bg2 d6 6. O-O Nbd7 7. Nc3 e5 8. e4 exd4 9. Nxd4 Re8 10. Re1 Nc5 11.
h3 Bd7 12. Nb3 Na4 13. Nxa4 Bxa4 14. Bg5 h6 15. Bd2 Nd7 16. Qc2 Nc5 17. Bc3 Ne6 18. Bxg7 Kxg7 19. Qc3+ Qf6 20. e5 dxe5 21. Rxe5 Bxb3 22.
axb3 c6 23. Rae1 Red8 24. h4 h5 25. R5e4 a5 26. Bh3 Qxc3 27. bxc3 Nc5 28. Re8 Rxe8 29.
Rb1 Re2 30. b4 axb4 31. cxb4 Ne4 32. Bf1 Rd2 33. Bg2 Nxf2 34. Re1 Raa2 35. Re7 Nd3 36. Be4 Rd1# 0-1

[Event "Early-Titled-Tuesday-Blitz-June-18-2024"]
[Site "Chess.com"]
[Date "2024.06.18"]
[Round "6"]
[White "Vesper2018"]
[Black "PeshkaCh"]
[Result "0-1"]
[WhiteElo "2608"]
[BlackElo "2857"]
[TimeControl "180+1"]
[EndTime "9:08:56 PDT"]
[Termination "PeshkaCh won on time"]

1. e4 e5 2. Nf3 Nc6 3. Bb5 a6 4. Ba4 Nge7 5. O-O Ng6 6. c3 d5 7.
d4 dxe4 8. Nxe5 Nxe5 9. dxe5 Qxd1 10. Rxd1 Bd7 11. Bf4 O-O-O 12. Nd2 Nxe5 13. Bxd7+ Nxd7 14. Nxe4 Be7 15. Bg3 Rhf8 16. Nd2 Nc5 17. Nc4 Nd3 18. Rd2 Bg5 19. Rc2 Rfe8 20. Kf1 b5 21. Na5 c5 22. c4 Nb4 23. Rc3 Bd2 24. Rf3 Nc2 25. Rxf7 Bxa5 26. Rc1 Rd7 27. Rf5 Bb6 28. h3 Nd4 29. Rg5 b4 30. h4 Ne2 31. Rb1 h6 32. Rg6 Nxg3+ 33. Rxg3 Bc7 34. Rg4 Kb7 35. h5 Re5 36.
Rg6 Rxh5 37. a3 Rh1+ 0-1

[Event "Early-Titled-Tuesday-Blitz-June-18-2024"]
[Site "Chess.com"]
[Date "2024.06.18"]
[Round "6"]
[White "KoshkaMatrioshka"]
[Black "Mops_2004"]
[Result "0-1"]
[WhiteElo "2593"]
[BlackElo "2804"]
[TimeControl "180+1"]
[EndTime "9:08:56 PDT"]
[Termination "Mops_2004 won by resignation"]

1. c4 e5 2. g3 c6 3. d4 e4 4. Bg2 d5 5. Nc3 Bb4 6. f3 exf3 7. Nxf3 Nf6 8. O-O O-O 9. Bg5 Be7 10. Bxf6 Bxf6 11.
e4 dxc4 12. e5 Be7 13. Qe2 Be6 14. h3 Na6 15. a3 Nc7 16. Rad1 Nd5 17. Ne4 h6 18. Kh2 b5 19. Nc5 Bxc5 20. dxc5 Qe7 21. Qf2 c3 22. b3 a5 23. Rc1 b4 24. a4 Nc7 25. Nd4 Qxc5 26. Nxc6 Qxf2 27. Rxf2 Bxb3 28. Rf4 Ne6 29. Rh4 Bxa4 30. Nxb4 axb4 31. Bxa8 Rxa8 32.
Rxb4 c2 33. Ra1 Nc5 34. Rb2 c1=Q 35. Rxc1 Nd3 36. Rbb1 Nxc1 37. Rxc1 Bb3 38. g4 g5 39. Kg3 Be6 40. Re1 Ra3+ 41. Kg2 Kf8 42. Kh2 Ke7 43. Kg2 Kd7 44. Kh2 Kc6 45. Rf1 Ra8 46. Rf6 Rh8 47.
Rf2 Kd5 48. Re2 Kd4 49. Re1 Rc8 50. Kg3 Rc3+ 51. Kh2 Re3 52. Rf1 Kxe5 0-1

[Event "Early-Titled-Tuesday-Blitz-June-18-2024"]
[Site "Chess.com"]
[Date "2024.06.18"]
[Round "6"]
[White "GMG"]
[Black "Barboval"]
[Result "1/2-1/2"]
[WhiteElo "2709"]
[BlackElo "2537"]
[TimeControl "180+1"]
[EndTime "9:08:56 PDT"]
[Termination "Game drawn by repetition"]

1. d4 Nf6 2. g3 d5 3. Nf3 Bg4 4. Bg2 Bxf3 5. Bxf3 e6 6. c4 c6 7. O-O Be7 8. b3 O-O 9. Bb2 a5 10. Nc3 Nbd7 11. e3 Nb6 12. Qd3 a4 13. c5 axb3 14. cxb6 Qxb6 15. Rfb1 bxa2 16. Nxa2 Qc7 17. Nc3 b5 18.
Bd1 b4 19. Na4 Ne4 20. Rc1 Ra7 21. Kg2 Rfa8 22. f3 Nd6 23. Nc5 Nc4 24. Rxa7 Rxa7 25. Rxc4 dxc4 26. Qxc4 Bxc5 27. dxc5 Qd7 28. Qxb4 Rb7 29.
Qd4 e5 30. Qxe5 f6 31. Qd4 Rxb2+ 32. Qxb2 Qxd1 33. Qb8+ Kf7 34. Qc7+ Kg6 35. Qxc6 Qe2+ 36. Kh3 h5 37. Qe4+ Kh6 38. Qf4+ Kh7 39. Qf5+ Kh6 40.
Qf4+ Kh7 41. Qe4+ Kh6 42. f4 Qg4+ 43. Kg2 Qe2+ 44. Kg1 Qe1+ 45. Kg2 Qe2+ 46. Kg1 Qe1+ 47. Kg2 Qe2+ 1/2-1/2

[Event "Early-Titled-Tuesday-Blitz-June-18-2024"]
[Site "Chess.com"]
[Date "2024.06.18"]
[Round "6"]
[White "snowlord"]
[Black "AnishOnYoutube"]
[Result "0-1"]
[WhiteElo "2968"]
[BlackElo "3077"]
[TimeControl "180+1"]
[EndTime "9:08:59 PDT"]
[Termination "AnishOnYoutube won by resignation"]

1. d4 d5 2. c4 c6 3. Nf3 Nf6 4. Qb3 dxc4 5. Qxc4 Bf5 6. g3 e6 7. Bg2 Be7 8. O-O O-O 9. e3 Nbd7 10. Nc3 Rc8 11. Nh4 Bg4 12. h3 Bh5 13. g4 Nd5 14. Nf5 exf5 15. gxh5 N7f6 16. h6 g6 17. Bd2 Re8 18.
Qb3 Qd7 19. Nxd5 cxd5 20. Bb4 Bxb4 21. Qxb4 Qe7 22. Qb3 Rcd8 23. Rac1 Rd7 24. Rc5 Qf8 25. Qb5 Qxh6 26. Rfc1 f4 27. Rc8 Re7 28. exf4 Qxf4 29.
Rxe8+ Rxe8 30. Rf1 Qxd4 31. Qxb7 Re2 32. Qc8+ Kg7 33. Qc3 Qxc3 34. bxc3 Rxa2 35. Rd1 Ra3 36. Rd3 a5 37. Kh2 a4 38. Bxd5 Nxd5 39. Rxd5 Rxc3 40. Ra5 a3 41. Kg2 Kf6 42. Ra7 Ke6 43. f3 Rc2+ 44. Kg3 a2 45. h4 Kd5 0-1

[Event "Early-Titled-Tuesday-Blitz-June-18-2024"]
[Site "Chess.com"]
[Date "2024.06.18"]
[Round "6"]
[White "gpsji27"]
[Black "Brown_Bear_MGL"]
[Result "0-1"]
[WhiteElo "2325"]
[BlackElo "2503"]
[TimeControl "180+1"]
[EndTime "9:08:59 PDT"]
[Termination "Brown_Bear_MGL won on time"]

1. d4 Nf6 2. Bg5 d5 3. Nd2 e6 4. e3 c5 5. Ngf3 Qb6 6. Rb1 Bd7 7. c3 Bb5 8. Bxb5+ Qxb5 9. a4 Qa6 10. dxc5 Bxc5 11. b4 Be7 12. b5 Qa5 13. Qb3 Nbd7 14. Ra1 Rc8 15. Nb1 Nc5 16. Qc2 Nce4 17. O-O O-O 18. Rc1 Nxg5 19. Nxg5 h6 20. Nf3 Ne4 21. Ne5 Rc7 22. f3 Nd6 23. Nd2 Bf6 24. Nb3 Qb6 25. Ng4 Bxc3 26. Qd3 Rfc8 27. Rab1 h5 28. Nf2 Bf6 29. Rxc7 Rxc7 30. h3 Rc3 31. Qd2 Qxe3 32.
Qxe3 Rxe3 33. Na5 Bd4 34. Kf1 Ra3 35. Rb4 Bc5 0-1

[Event "Early-Titled-Tuesday-Blitz-June-18-2024"]
[Site "Chess.com"]
[Date "2024.06.18"]
[Round "6"]
[White "Hudijegszid"]
[Black "Boundless_Strike"]
[Result "0-1"]
[WhiteElo "2517"]
[BlackElo "2665"]
[TimeControl "180+1"]
[EndTime "9:09:00 PDT"]
[Termination "Boundless_Strike won on time"]

1. c4 d6 2. g3 e5 3. Bg2 f5 4. d4 Nd7 5. Nc3 Ngf6 6. Bg5 c6 7. e4 fxe4 8. Nxe4 Be7 9. Nxf6+ Bxf6 10. Be3 exd4 11.
Bxd4 O-O 12. Ne2 Qa5+ 13. Kf1 Ne5 14. b3 Bg4 15. h3 Bh5 16. Kg1 Rae8 17. g4 Bg6 18. f4 Nd3 19. f5 Bxd4+ 20. Nxd4 Re1+ 21. Qxe1 Nxe1 22. fxg6 Qc3 23. Rd1 Qe3+ 24. Kh2 Nxg2 25. Nf5 Qe2 26. Ng3 Qxa2 27. gxh7+ Kxh7 28. Rhf1 Nh4+ 29. Kg1 Nf3+ 0-1

[Event "Early-Titled-Tuesday-Blitz-June-18-2024"]
[Site "Chess.com"]
[Date "2024.06.18"]
[Round "6"]
[White "salomez"]
[Black "pineapplehhh"]
[Result "1-0"]
[WhiteElo "2348"]
[BlackElo "2100"]
[TimeControl "180+1"]
[EndTime "9:09:01 PDT"]
[Termination "salomez won by checkmate"]

1. e4 e5 2. Nf3 Nc6 3. d4 exd4 4. Nxd4 Nf6 5. Nc3 Bb4 6. Nxc6 bxc6 7. Bd3 d5 8. exd5 cxd5 9. O-O O-O 10. Bg5 c6 11.
Qf3 h6 12. Bxf6 Qxf6 13. Qxf6 gxf6 14. Ne2 Rb8 15. c3 Ba5 16. b3 Be6 17. Rac1 c5 18. c4 d4 19. Ng3 Bd2 20. Rc2 Bb4 21. Nh5 f5 22. f4 Kh7 23. g4 Kg6 24. Ng3 Kf6 25.
gxf5 Bd7 26. Re2 Rg8 27. Kf2 Rxg3 28. hxg3 Bxf5 29. Bxf5 Kxf5 30. Re5+ Kf6 31. Rh1 Kg6 32. Rd5 Rb6 33. Kf3 a5 34. Ke4 a4 35. bxa4 Ra6 36. f5+ Kg7 37. Rh2 Rxa4 38. Rd6 Ba3 39. Rdxh6 Kf8 40. f6 Ke8 41. Kd5 Kd7 42. Re2 Ra6 43.
Re7+ Kd8 44. Rh8# 1-0